 Dungeon Sprint DCSS version 0.31-a0-66-ge618eeaa78 (webtiles) character file.

Game seed: 8908906024434437246

3 sircluck the Ruffian (level 1, -7/22 HPs)
             Began as a Troll Berserker on May 22, 2023.
             Was a Follower of Trog.
             Mangled by an efreet
             ... wielding a +4 scimitar of flaming
              (17 damage)
             ... in the Dungeon (Sprint VII: "The Pits").
             The game lasted 00:00:09 (28 turns).

sircluck the Ruffian (Troll Berserker)                Turns: 28, Time: 00:00:09

Health: -7/22      AC:  4    Str: 24    XL:     1   Next: 41%
Magic:  0/0        EV: 10    Int:  3    God:    Trog [*.....]
Gold:   0          SH:  0    Dex:  9    Spells: 0/0 levels left

rFire   . .          .
                       - Unarmed
rCold   . . .        (no shield)
rNeg    . . .        a - +0 animal skin
rPois   .            (helmet restricted)
rElec   .            (no cloak)
rCorr   .            (gloves unavailable)
SInv    .            (boots unavailable)
Will    .....        (no amulet)
Stlth   +            (no ring)
HPRegen 1.03/turn    (no ring)
MPRegen 0.07/turn

%: no teleportation
@: no status effects
A: large, unfitting armour, claws 3, regeneration 1, shaggy fur 1, tough skin 1
a: Renounce Religion, Berserk


You were in the Dungeon.
You worshipped Trog.
Trog was aware of your devotion.
You visited 1 branch

Inventory:

Armour
 a - a +0 animal skin (worn)
Scrolls
 g - a scroll of blinking
Potions
 b - a potion of curing
 d - a potion of haste
 e - 2 potions of magic
 f - a potion of berserk rage


   Skills:
 + Level 2.8 Fighting
 + Level 2.8 Dodging
 + Level 3.4 Unarmed Combat


You couldn't memorise any spells.
You didn't know any spells.
Your spell library was empty.

Dungeon Overview and Level Annotations

Branches:
Dungeon (1/1)

Altars:

Annotations:
D Urug


Innate Abilities, Weirdness & Mutations

You are too large for most types of armour.
You have claws for hands.
Your natural rate of healing is unusually fast.
You are covered in fur. (AC +1)
You have tough skin. (AC +1)


Message History

You open the huge gate.
A worm comes into view.
There is a huge open gate to the Metal Vault (Medium) here.
There is a huge open gate to the Metal Vault (Medium) here.
There is a huge open gate to the Metal Vault (Medium) here.
There is a huge open gate to the Metal Vault (Medium) here.
There is a huge open gate to the Metal Vault (Medium) here.
There is a huge open gate to the Metal Vault (Medium) here.
Urug the Orcish Ballista comes into view.
She is wielding a +5 long sword and wearing a +4 scale mail of cold resistance.
Urug shouts!
An efreet comes into view.
It is wielding a +4 scimitar of flaming.
The worm bites you!
You barely miss the worm. You scratch the worm.
The worm is lightly wounded.
The worm bites you!
You claw the worm!
The worm is heavily wounded.
Urug drinks a potion.
Urug seems to speed up.
You claw the worm!
You kill the worm!
Trog accepts your kill. The efreet gestures at you.
The bolt of fire misses you.
Unknown command.
You see here a worm corpse.
You scratch Urug but do no damage. Urug closely misses you.
Urug barely misses you.
You barely miss Urug.
The efreet hits you with a +4 scimitar of flaming!
* * * LOW HITPOINT WARNING * * *
The efreet burns you.
* * * LOW HITPOINT WARNING * * *
Urug closely misses you.
Unknown command.
You feel much better. Urug hits you with a +5 long sword!
Ouch! That really hurt!
The efreet hits you with a +4 scimitar of flaming!
Ouch! That really hurt!
You die...

#......#..#......#
#................+
+................+
#......#..#......#
#................#
####'#####''######
#.......##''#
#.......##..#
#.......##@.#
#...<...##oR#
#.......##.○#
#.......##°.#
#.......##...
##########....
#...# #..##


You could see Urug (fast) and an efreet.

Vanquished Creatures
  A worm (D)
1 creature vanquished.

Notes
Turn   | Place    | Note
-------+----------+-------------------------------------------
     0 | D        | sircluck the Troll Berserker began the quest for the Orb.
     0 | D        | Reached XP level 1. HP: 22/22 MP: 0/0
    20 | D        | Noticed Urug
    20 | D        | Noticed an efreet
    28 | D        | Mangled by an efreet

Illustrated notes

Levels and vault maps discovered:
D:        pitsprint [storerooms_1, entrance_room_1, metal_vault_3, armoury_3,
          mini_pit_1, grid_room_1, main_hall_1, silver_pit, the_coven_1,
          the_vestibule_1, steel_vault_5, golden_pit, hallway_of_sentries,
          crystal_vault_3, iron_vault_1, final_vault]

Action                     || total
---------------------------++-------
  Melee: Unarmed           ||     6
    Use: Potion            ||     1
  Dodge: Dodged            ||     4

Table legend: (Time is in decaauts)
 A = Elapsed time spent in this place.
 B = Non-inter-level travel time spent in this place.
 C = Inter-level travel time spent in this place.
 D = Time resting spent in this place.
 E = Time spent auto-exploring this place.
 F = Levels seen in this place.
 G = Mean time per level.
                   A        B        C        D        E       F      G
               +--------+--------+--------+--------+--------+-----+--------+
         Total |     27 |     27 |      0 |      0 |     12 |   1 |   27.0 |
       Dungeon |     27 |     27 |      0 |      0 |     12 |   1 |   27.0 |
               +--------+--------+--------+--------+--------+-----+--------+

Top non-repeatable levels by time:
       D: 27 daAuts
